 Dungeon Crawl Stone Soup version 0.29.1-4-g47bece8355 (webtiles) character file.

Game seed: 9764373287815742860

37 javelincjr the Conjurer (level 3, 0/19 HPs)
             Began as a Deep Elf Conjurer on Dec 5, 2022.
             Succumbed to an adder's poison
             ... on level 2 of the Dungeon.
             The game lasted 00:06:16 (888 turns).

javelincjr the Conjurer (Deep Elf Conjurer)          Turns: 888, Time: 00:06:17

Health: 0/19       AC:  3    Str:  4    XL:     3   Next: 21%
Magic:  6/9        EV: 12    Int: 24    God:
Gold:   54         SH:  0    Dex: 13    Spells: 5/8 levels left

rFire   . . .      SeeInvis .   h - +2 dagger (drain)
rCold   . . .      Faith    .   (no shield)
rNeg    . . .      Spirit   .   a - +1 robe
rPois   .          Reflect  .   (no helmet)
rElec   .          Harm     .   (no cloak)
rCorr   .          Rampage  .   (no gloves)
Will    .....                   (no boots)
Stlth   ++........              (no amulet)
HPRegen 0.06/turn               (no ring)
MPRegen 0.11/turn               (no ring)

@: lethally poisoned (0 -> -4)
A: no striking features
a: no special abilities


You were on level 2 of the Dungeon.
You visited 1 branch of the dungeon, and saw 2 of its levels.

You collected 54 gold pieces.

Inventory:

Hand Weapons
 h - a +2 dagger of draining (weapon)
Armour
 a - a +1 robe (worn)
Potions
 b - a potion of magic
 c - a potion of attraction


   Skills:
 + Level 2.6 Dodging
 + Level 3.0 Stealth
 + Level 3.1 Spellcasting
 + Level 5.2 Conjurations


You had 5 spell levels left.
You knew the following spells:

 Your Spells              Type           Power      Damage    Failure   Level
a - Magic Dart            Conj           100%       1d8       1%          1
b - Searing Ray           Conj           58%        2d6       1%          2

Your spell library contained the following spells:

 Spells                   Type           Power      Damage    Failure   Level
 Dazzling Flash           Conj/Hex       32%        N/A       11%         3
 Fulminant Prism          Conj/Hex       8%         3d7       34%         4
 Iskenderun's Mystic Bla  Conj/Tloc      16%        2d5       34%         4


Dungeon Overview and Level Annotations

Branches:
Dungeon (2/15)

Altars:

Shops:
D:1 *


Message History

You hit the adder but do no damage. You drain the adder.
The adder is moderately wounded.
You feel very sick. The adder barely misses you.
You hit the adder.
The adder is heavily wounded.
You feel sick. The adder misses you.
You completely miss the adder.
The adder is heavily wounded.
* * * LOW HITPOINT WARNING * * *
You feel sick. The adder bites you but does no damage. The adder bites you.
* * * LOW HITPOINT WARNING * * *
Casting: Searing Ray (safe; 2% risk of failure)
Confirm with . or Enter, or press ? or * to list all spells.
Aiming: Magic Dart (safe; 1% risk of failure)
Press: ? - help, Shift-Dir - straight line, f - adder
Aim: an adder (heavily wounded, heavily drained, 100% to hit)
The magic dart hits the adder.
The adder is almost dead.
* * * LOW HITPOINT WARNING * * *
You feel sick. The adder bites you but does no damage.
Casting: Magic Dart (safe; 1% risk of failure)
Confirm with . or Enter, or press ? or * to list all spells.
Aiming: Magic Dart (safe; 1% risk of failure)
Press: ? - help, Shift-Dir - straight line, f/p - adder
Aim: an adder (almost dead, heavily drained, 100% to hit)
The magic dart hits the adder.
You kill the adder!
* * * LOW HITPOINT WARNING * * *
You feel sick.
Your Stealth skill increases to level 3!
You have reached level 3!
Your experience leads to an increase in your attributes!
Increase (S)trength, (I)ntelligence, or (D)exterity?
You feel clever. x2
Okay, then.
There is a lethal amount of poison in your body!
Unknown command.
You aren't carrying any scrolls.
You die...

#.# .#
#.#####.#
#........
#........
#>.....
#....#
#†...#
#@...###.
#........
#.#.#.###
#.#.#.#
#.#.#.#
#.#.#.####.#
#.#........#
#.#.########
#..<.......


There were no monsters in sight!

Vanquished Creatures
  An adder (D:2)
  A ball python (D:1)
  9 endoplasms (D:1)
  4 giant cockroaches (D:1)
  A goblin (D:1)
  A jackal (D:1)
  5 bats (D:1)
  A rat (D:1)
23 creatures vanquished.

Notes
Turn   | Place    | Note
-------+----------+-------------------------------------------
     0 | D:1      | javelincjr the Deep Elf Conjurer began the quest for the
                  | Orb.
     0 | D:1      | Reached XP level 1. HP: 10/10 MP: 6/6
    19 | D:1      | Found a runed translucent door.
    77 | D:1      | Found Duxko's General Store.
   339 | D:1      | Reached XP level 2. HP: 15/15 MP: 6/8
   554 | D:1      | Learned a level 2 spell: Searing Ray
   558 | D:1      | Reached skill level 5 in Conjurations
   888 | D:2      | Reached XP level 3. HP: 1/19 MP: 6/9
   888 | D:2      | Succumbed to an adder's poison

Illustrated notes

Levels and vault maps discovered:
D:1:      dpeg_arrival_caged_fury, layout_loops_cross, serial_shops,
          shop_statue, minmay_misc_feat_four_crosses
D:2:      layout_basic, shapermc_ecumenical_altar_gd, uniq_robin,
          uniq_crazy_yiuf_cottage

Skill      XL: |  1  2 |
---------------+-------+-----
Conjurations   | 5 |  5.2
Stealth        | 3 |  3.0
Dodging        | |  2.6
Spellcasting   | |  3.1

Action                   || total
-------------------------++-------
Melee: Dagger            ||     6
 Cast: Magic Dart        ||    17
       Searing Ray       ||     2
  Use: Scroll            ||     2
       Potion            ||     2
Armor: Robe              ||     7
Dodge: Dodged            ||     5
